 Dungeon Crawl Stone Soup version 0.20-a0-556-g892c87b (webtiles) character file.

172 Ijustatesigmund the Sneak (level 5, 0/32 HPs)
             Began as a Kobold Assassin on Feb 6, 2017.
             Killed from afar by Sigmund (6 damage)
             ... with a wand of flame (?/48)
             ... on level 3 of the Dungeon.
             The game lasted 00:06:37 (3123 turns).

Ijustatesigmund the Sneak (Kobold Assassin)         Turns: 3123, Time: 00:06:37

Health: 0/32       AC:  2    Str:  9    XL:     5   Next: 82%
Magic:  5/5        EV: 16    Int: 13    God:
Gold:   199        SH:  0    Dex: 16    Spells: 4/4 levels left

rFire    . . .     SeeInvis .   a - +3 dagger
rCold    . . .     Gourm    .   s - +0 robe (curse)
rNeg     . . .     Faith    .   (shield restricted)
rPois    .         Spirit   .   (no helmet)
rElec    .         Reflect  .   d - +0 cloak
rCorr    +         Harm     .   (no gloves)
MR       .....     Rnd*Tele +   (no boots)
Stlth    +++.......             (no amulet)
Regen    0.1/turn               (no ring)
                                k - ring of resist corrosion

@: lethally poisoned (0 -> -3), about to teleport
A: carnivore 3, deformed body, high mp 1, teleportitis 1
a: no special abilities


You were on level 3 of the Dungeon.
You were very full.

You visited 1 branch of the dungeon, and saw 3 of its levels.

You collected 199 gold pieces.

Inventory:

Hand Weapons
 a - a +3 dagger (weapon)
 b - a +0 blowgun
 p - a +0 dagger of venom
Missiles
 e - 7 poisoned needles
 u - a curare-tipped needle
Armour
 c - a +0 robe
 d - a +0 cloak (worn)
 s - a cursed +0 robe (worn)
Jewellery
 k - a ring of resist corrosion (left hand)
 n - an uncursed amulet of faith
Scrolls
 r - a scroll of identify {unknown}
 t - a scroll of teleportation
 v - a scroll of remove curse {unknown}
Potions
 h - 2 potions of haste
 l - a potion of might {unknown}
 o - a potion of agility {unknown}
 q - a potion of magic {unknown}
Comestibles
 f - 3 chunks of flesh
 g - 4 meat rations
 m - a royal jelly


   Skills:
 + Level 3.3 Fighting
 + Level 4.6 Short Blades
 - Level 2.1 Throwing
 + Level 3.6 Dodging
 - Level 6.0 Stealth


You had 4 spell levels left.
You didn't know any spells.

Dungeon Overview and Level Annotations

Branches:
Dungeon (3/15)

Altars:

Annotations:
D:3 Sigmund


Innate Abilities, Weirdness & Mutations

You are small and have problems with some larger weapons.
You are carnivorous and can eat meat at any time.
Armour fits poorly on your strangely shaped body.
You have an increased reservoir of magic. (+10% MP)
You are occasionally teleported next to monsters.


Message History

* * * LOW HITPOINT WARNING * * *
You are very lightly contaminated with residual magic.
It was a potion of cancellation.
Your magical effects are unravelling.
You feel magically purged.
Your magical contamination has completely faded away.
You feel yourself slow down. Sigmund completely misses you.
It was a potion of mutation.
You feel extremely strange.
You feel weirdly uncertain.
Your body twists and deforms.
You feel more energetic.
You feel sick.
As you read the scroll of teleportation, it crumbles to dust.
You feel strangely unstable.
Sigmund zaps a wand.
The puff of flame misses you.
It is a wand of flame (?/48).
You feel sick. Sigmund barely misses you.
Things that are here:
13 gold pieces; a hobgoblin corpse Sigmund zaps a wand.
The puff of flame hits you!
You die...

#.# ... #.# #.# # #.#
##.##[########.#
......@.$@.....#
.......######..########
.#.##%. #..........
#..# #####.########
#... ..# #.# ##.# #.#
#.# #.# #.# #.# #.# #.#
#.# #.###.###.#


You could see Sigmund.

Vanquished Creatures
  An orc priest (D:3)
  A gnoll (D:1)
  4 adders (D:2)
  5 worms (D:2)
  3 dart slugs (D:1)
  2 leopard geckos (D:2)
  4 orcs (D:3)
  3 ball pythons (D:2)
  8 giant cockroaches
  7 hobgoblins
  4 jackals (D:1)
  A quokka (D:2)
  6 bats
  7 frilled lizards
  5 goblins
  7 kobolds
  6 rats
74 creatures vanquished.

Vanquished Creatures (others)
  A fungus (D:1)
1 creature vanquished.

Grand Total: 75 creatures vanquished

Notes
Turn   | Place    | Note
-------+----------+-------------------------------------------
     0 | D:1      | Ijustatesigmund the Kobold Assassin began the quest for the Orb.
     0 | D:1      | Reached XP level 1. HP: 12/12 MP: 1/1
   284 | D:1      | Reached XP level 2. HP: 17/17 MP: 2/2
   665 | D:1      | Reached XP level 3. HP: 19/21 MP: 3/3
  1154 | D:1      | Reached skill level 6 in Stealth
  1288 | D:2      | Reached XP level 4. HP: 21/26 MP: 4/4
  2492 | D:2      | Reached XP level 5. HP: 25/32 MP: 5/5
  3108 | D:3      | Noticed Sigmund
  3120 | D:3      | Gained mutation: You are occasionally teleported next to monsters. [potion of mutation]
  3120 | D:3      | Gained mutation: Armour fits poorly on your strangely shaped body. [potion of mutation]
  3120 | D:3      | Gained mutation: You have an increased reservoir of magic. (+10% MP) [potion of mutation]
  3123 | D:3      | Killed from afar by Sigmund

Vault maps used:
D:1:      minmay_arrival_diagonal_passages, minmay_gold_behind_fungi
D:2:      minmay_door_path, first_bread
D:3:      nicolae_overflow_crystal_walls, portal_sewer_entry_a, uniq_sigmund

Skill      XL: |  1  2  3  4  5 |
---------------+----------------+-----
Short Blades   | 3 4 |  4.6
Dodging        | 2 3 |  3.6
Stealth        | 6 |  6.0
Fighting       | 3 |  3.3
Throwing       | |  2.1

Action                   |  1- 3 |  4- 6 || total
-------------------------+-------+-------++-------
Melee: Dagger            |   130 |   160 ||   290
 Fire: Blowgun           |       |     8 ||     8
  Use: Scroll            |       |     6 ||     6
       Potion            |       |     3 ||     3
 Stab: Sleeping          |     7 |     9 ||    16
       Distracted        |       |     3 ||     3
  Eat: Chunk             |     9 |     6 ||    15
Armor: Robe              |    26 |    10 ||    36
Dodge: Dodged            |   121 |   108 ||   229
